 Dungeon Crawl Stone Soup version 0.15.0-34-g666c3a1 (webtiles) character file.

564 Johnny the Ruffian (level 7, -1/66 HPs)
             Began as a Troll Transmuter on Sept 16, 2014.
             Slain by an orc warrior
             ... wielding a +0 glaive
              (21 damage)
             ... on Level 4 of the Dungeon.
             The game lasted 00:10:03 (2501 turns).

Johnny the Ruffian (Troll Transmuter)               Turns: 2501, Time: 00:10:03

HP  -1/66        AC  7     Str 19      XL: 7   Next: 10%
MP   8/8         EV 10     Int  9      God:
Gold 106         SH  0     Dex 10 (12) Spells:  1 memorised,  9 levels left

rFire  + . .     SeeInvis .       - Unarmed
rCold  . . .     Clarity  .     e - +1 robe {rF+}
rNeg   . . .     rCorr    .     (shield restricted)
rPois  +         rRot     .     (helmet restricted)
rElec  .         Spirit   .     n - +0 cloak {rPois}
SustAb .         Warding  .     (gloves unavailable)
rMut   +         Stasis   .     (boots unavailable)
Gourm  +                        c - amulet of resist mutation
MR     .....                    (no ring)
                                (no ring)

@: appendage (expiring), not resistant to hostile enchantments, very unstealthy
A: unfitting armour, claws 3, horns 2, fast metabolism 3, gourmand, regeneration
2, saprovore 2, shaggy fur 1, tough skin 2
a: End Transformation


You were on level 4 of the Dungeon.
You were not hungry.
You had grown temporary horns.
You visited 1 branch of the dungeon, and saw 4 of its levels.

You collected 106 gold pieces.

Inventory:

Missiles
 b - 77 arrows
 g - 13 poisoned arrows
Armour
 e - a +1 robe of fire resistance (worn)
 n - a +0 cloak of poison resistance (worn)
Magical devices
 j - a wand of random effects (1)
 k - a wand of slowing (4)
 s - a wand of random effects (7)
Comestibles
 a - 4 meat rations
 l - a beef jerky
 o - 2 bread rations
 t - a slice of pizza
 v - 4 fruits
Scrolls
 f - 3 scrolls of noise
 i - 2 scrolls of identify
 w - a scroll of immolation
Jewellery
 c - an amulet of resist mutation (around neck)
 x - an uncursed amulet of resist mutation
Books
 d - a book of Changes

   Spells                             Type                      Level
   *Beastly Appendage                 Transmutation                1
   Sticks to Snakes                   Transmutation                2
   Spider Form                        Transmutation/Poison         3
   Ice Form                           Ice/Transmutation            4
   Blade Hands                        Transmutation                5


   Skills:
 * Level 2.3 Fighting
 * Level 3.1 Dodging
 * Level 1.7 Stealth
 * Level 4.4 Unarmed Combat
 * Level 2.0 Spellcasting
 * Level 2.7 Transmutations


You had 9 spell levels left.
You knew the following spells:

 Your Spells              Type           Power        Failure   Level  Hunger
a - Beastly Appendage     Trmt           #.....       12%         1    ##.....


Dungeon Overview and Level Annotations

Branches:
Dungeon (4/15)
 Temple: D:4-7

Altars:
Nemelex Xobeh


Innate Abilities, Weirdness & Mutations

You are too large for most types of armour.
You have claws for hands.
Your metabolism is lightning-fast.
You like to eat raw meat.
You heal very quickly.
You can eat rotten meat.
You are covered in fur (AC +1).
You have very tough skin (AC +2).
You have a pair of horns on your head.


Message History

The orc hits you with a hand axe. The orc warrior hits you with a glaive!
* * * LOW HITPOINT WARNING * * *
You see here a hand axe.
You scratch the orc warrior.
The orc warrior begins to bleed from its wounds!
You headbutt the orc warrior, but do no damage.
The orc warrior is lightly wounded.
The orc hits you but does no damage.
You claw the orc warrior!
The orc warrior is heavily wounded.
You closely miss the orc warrior.
The orc warrior is heavily wounded.
The orc closely misses you. The orc warrior closely misses you.
You scratch the orc warrior. Your headbutt misses the orc warrior.
The orc warrior is heavily wounded.
The orc hits you but does no damage.
You closely miss the orc warrior.
The orc warrior is heavily wounded.
The orc warrior hits you with a glaive!!
You die...

#.........# ##....
##.........## ##.....
##...........####......
#......................
..#......................
.........................
...)...........##........
o........o.....###........
......o.o@....## ##.......
##....####....# #.......
#### ###### #.......
##...... ##....# ######


You could see an orc warrior (bleeding) and 2 orcs.

Vanquished Creatures
  Grinder (D:3)
  Sigmund (D:3)
  Crazy Yiuf (D:2)
  A jelly (D:3)
  An orc priest (D:4)
  Natasha (thrice) (D:3)
  An orc wizard (D:4)
  5 adders
  4 gnolls (D:2)
  A giant gecko (D:2)
  An ooze (D:4)
  2 orcs (D:3)
  2 giant cockroaches
  3 goblins
  4 hobgoblins
  4 jackals (D:4)
  6 bats
  4 giant newts
  3 kobolds
  3 rats
51 creatures vanquished.

Notes
Turn   | Place    | Note
--------------------------------------------------------------
     0 | D:1      | Johnny, the Troll Transmuter, began the quest for the Orb.
     0 | D:1      | Reached XP level 1. HP: 18/18 MP: 2/2
   264 | D:1      | Reached skill level 1 in Fighting
   305 | D:1      | Reached XP level 2. HP: 27/27 MP: 2/2
   750 | D:2      | Reached XP level 3. HP: 19/33 MP: 1/3
   903 | D:2      | Noticed Crazy Yiuf
   913 | D:2      | Killed Crazy Yiuf
   913 | D:2      | Reached XP level 4. HP: 12/41 MP: 2/4
  1208 | D:2      | Found a sparkling altar of Nemelex Xobeh.
  1413 | D:3      | Reached XP level 5. HP: 39/49 MP: 4/4
  1450 | D:3      | Noticed Sigmund
  1719 | D:3      | Noticed Grinder
  1735 | D:3      | Reached skill level 1 in Stealth
  1744 | D:3      | Paralysed by Grinder for 4 turns
  1751 | D:3      | Paralysed by Grinder for 5 turns
  1865 | D:3      | Noticed Natasha
  1874 | D:3      | Killed Natasha
  1944 | D:3      | Noticed Natasha
  1947 | D:3      | Killed Natasha
  2076 | D:3      | Killed Grinder
  2076 | D:3      | Reached skill level 4 in Unarmed Combat
  2076 | D:3      | Reached XP level 6. HP: 47/57 MP: 3/7
  2164 | D:3      | Killed Sigmund
  2256 | D:3      | Noticed Natasha
  2261 | D:3      | Killed Natasha
  2430 | D:4      | Reached XP level 7. HP: 66/66 MP: 8/8
  2501 | D:4      | Slain by an orc warrior

Action                   |  1- 3 |  4- 6 |  7- 9 || total
-------------------------+-------+-------+-------++-------
Melee: Unarmed           |    47 |   149 |     9 ||   205
 Cast: Beastly Appendage |     3 |    12 |     1 ||    16
Evoke: Wand              |       |    12 |     8 ||    20
  Use: Potion            |       |     7 |       ||     7
       Scroll            |       |     5 |       ||     5
  Eat: Chunk             |     5 |    10 |     1 ||    16
       Meat ration       |     1 |       |       ||     1
       Fruit             |       |     1 |       ||     1
